 Dungeon Crawl Stone Soup version 0.14.0-18-g0341e45 (webtiles) character file.

10006 miroslav the Frost Mage (level 11, -7/68 HPs)
             Began as a Demonspawn Ice Elementalist on Apr 20, 2014.
             Was a High Priest of Sif Muna.
             Mangled by an unseen horror (9 damage)
             ... on Level 11 of the Dungeon.
             The game lasted 01:01:11 (13276 turns).

miroslav the Frost Mage (DsIE)                     Turns: 13276, Time: 01:01:11

HP  -7/68        AC  5     Str 13      XL: 11   Next: 21%
MP  26/26        EV 12     Int 23      God: Sif Muna [*****.]
Gold 671         SH  0     Dex 13      Spells:  8 memorised,  3 levels left

rFire  + . .     SeeInvis .     m - +0,+3 spear of Turmoil {distort, +Rage rC++ rN+ Int+3}
rCold  + + .     Clarity  +     y - +1 robe {rF+}
rNeg   + . .     Conserve .     (no shield)
rPois  .         rCorr    .     d - +0 helmet
rElec  .         rRot     .     (no cloak)
SustAb . .       Spirit   .     L - +0 pair of gloves (curse)
rMut   .         Warding  .     (no boots)
Saprov . . .     Stasis   .     X - amulet of clarity {unknown}
MR     .....                    n - +4 ring of strength
                                P - ring of regeneration

@: not resistant to hostile enchantments, fairly stealthy
A: talons 2, demonic guardian 1, powered by pain 2
a: Channel Energy, Forget Spell, Renounce Religion, Evoke Berserk Rage


You were on level 11 of the Dungeon.
You worshipped Sif Muna.
Sif Muna was extremely pleased with you.
You were hungry.

You visited 2 branches of the dungeon, and saw 12 of its levels.

You collected 719 gold pieces.
You spent 48 gold pieces at shops.

Inventory:

Hand weapons
 j - a +0 blowgun
 k - a +2,+0 whip of electrocution
 m - the +0,+3 spear of Turmoil (weapon) {distort, +Rage rC++ rN+ Int+3}
   (You found it on level 7 of the Dungeon)

   It warps and distorts space around it.
   Unwielding it can cause banishment or high damage.
   It affects your intelligence (+3).
   It greatly protects you from cold.
   It protects you from negative energy.
   It lets you go berserk.
 x - a +0,+1 cutlass of electrocution
Missiles
 v - 8 needles of sleeping
 A - 5 tomahawks
 B - 8 curare-tipped needles
 C - 4 throwing nets (quivered)
 J - 9 poisoned needles
Armour
 d - a +0 helmet (worn)
 q - a +1 pair of gloves
 y - a +1 robe of fire resistance (worn)
 L - a cursed +0 pair of gloves (worn)
Magical devices
 e - a wand of cold (1)
 w - a wand of random effects (7)
Comestibles
 c - 5 bread rations
 K - a meat ration
 S - an apple
 W - a royal jelly
Scrolls
 a - 3 scrolls of fear {unknown}
 f - 3 scrolls of teleportation
 r - a scroll of enchant weapon II
 D - a scroll of recharging {unknown}
 I - a scroll of acquirement {unknown}
 Q - a scroll of magic mapping {unknown}
 R - a scroll of blinking {unknown}
 T - a scroll of immolation
 U - 2 scrolls of enchant armour {unknown}
 V - a scroll of enchant weapon III {unknown}
 Y - a scroll of remove curse
Jewellery
 n - a +4 ring of strength (right hand)
 u - an uncursed ring of protection from magic
 F - an uncursed ring of regeneration
 M - the ring of Meid {Ice Str+4 Dex-5}
   (You found it on level 10 of the Dungeon)

   [ring of ice]

   It affects your strength (+4).
   It affects your dexterity (-5).
 P - a ring of regeneration (left hand)
 X - an amulet of clarity (around neck) {unknown}
Potions
 g - a potion of might
 h - a potion of lignification
 i - 3 potions of curing
 l - 3 potions of poison {unknown}
 o - a potion of restore abilities {unknown}
 p - 3 potions of heal wounds
 t - 3 potions of agility
 z - a potion of brilliance {unknown}
 E - a potion of confusion {unknown}
 O - a potion of haste
Books
 b - a book of Frost

   Spells                             Type                      Level
   *Freeze                            Ice                          1
   *Throw Frost                       Conjuration/Ice              2
   *Ozocubu's Armour                  Charms/Ice                   3
   *Throw Icicle                      Conjuration/Ice              4
   *Summon Ice Beast                  Ice/Summoning                4
   *Condensation Shield               Ice                          4
 s - a book of Minor Magic

   Spells                             Type                      Level
   Magic Dart                         Conjuration                  1
   *Blink                             Translocation                2
   Call Imp                           Summoning                    2
   *Repel Missiles                    Charms/Air                   2
   Slow                               Hexes                        2
   Conjure Flame                      Conjuration/Fire             3
   Mephitic Cloud                     Conjuration/Poison/Air       3
 G - a book of Geomancy

   Spells                             Type                      Level
   Sandblast                          Earth                        1
   Stoneskin                          Transmutation/Earth          2
   Passwall                           Transmutation/Earth          3
   Stone Arrow                        Conjuration/Earth            3
   Petrify                            Transmutation/Earth          4
   Lee's Rapid Deconstruction         Earth                        5
Magical staves
 H - an uncursed staff of conjuration
 N - an uncursed staff of poison {unknown}
 Z - an uncursed staff of power {unknown}


   Skills:
 - Level 1.7 Dodging
 - Level 3.1 Stealth
 + Level 7.5 Spellcasting
 + Level 5.1 Conjurations
 - Level 4.6 Translocations
 * Level 12.2 Ice Magic
 - Level 4.0 Invocations


You had 3 spell levels left.
You knew the following spells:

 Your Spells              Type           Power        Failure   Level  Hunger
a - Freeze                Ice            ####         1%          1    None
b - Throw Frost           Conj/Ice       #####.       1%          2    None
c - Ozocubu's Armour      Chrm/Ice       #####.....   1%          3    None
d - Blink                 Tloc           N/A          1%          2    None
e - Condensation Shield   Ice            ######....   1%          4    ###....
f - Repel Missiles        Chrm/Air       #.....       14%         2    None
g - Throw Icicle          Conj/Ice       #####...     1%          4    ###....
h - Summon Ice Beast      Ice/Summ       #####...     8%          4    ###....


Dungeon Overview and Level Annotations

Branches:
Dungeon (11/15)            Temple (1/1) D:7             Orc (0/4) D:10
   Lair (0/8) D:11

Altars:
Cheibriados
Dithmenos
Elyvilon
Fedhas
Kikubaaqudgha
Makhleb
Nemelex Xobeh
Okawaru
Sif Muna
Trog
Vehumet
Xom
Yredelemnul
Zin
The Shining One

Shops:
D:7 !(?::   D:8 }

Annotations:
D:5 Grinder
Abyss:1 Pikel


Innate Abilities, Weirdness & Mutations

You have razor-sharp toenails.
A weak demonic guardian rushes to your aid.
You sometimes gain power by taking damage.


Message History

Something hits you. Something hits you. Something hits you. Something hits you!
Something hits you! Something hits you but does no damage.
You hit something.
Space bends around something.
Something hits you! Something hits you.
* * * LOW HITPOINT WARNING * * *
Something completely misses you. Something hits you!
* * * LOW HITPOINT WARNING * * *
Magic restored.
Something hits you!
* * * LOW HITPOINT WARNING * * *
Something hits you.
* * * LOW HITPOINT WARNING * * *
Something hits you.
* * * LOW HITPOINT WARNING * * *
Something hits you!
You die...

#...##################
#..............)......
#...............>.....
#.....................
#.....................
#.....................
#.......[.............
#..........#####./....
#####@.....#...#......
#......#...#......
###......#...'......
#.........#####......
#...............#####
#...............#
#....##+#######.#
#....# #.# ....# #.#


There were no monsters in sight!

Vanquished Creatures
  Josephine (D:10)
  A hill giant (D:10)
  A gargoyle (D:7)
  2 trolls
  A two-headed ogre (D:8)
  A hungry ghost (D:11)
  Eustachio (D:6)
  4 vampire mosquitoes (D:9)
  2 hill giant skeletons
  4 hippogriffs
  A tengu zombie (D:11)
  4 orc warriors
  A water moccasin (D:9)
  2 ice beasts
  A black bear (D:7)
  3 phantoms
  5 ogres
  6 sky beasts
  5 centaurs
  5 giant frogs
  2 big kobolds (D:9)
  A cyclops zombie (D:10)
  A scorpion (D:9)
  A yak zombie (D:8)
  2 goliath beetles
  12 wights
  4 crimson imps
  8 orc priests
  A yak skeleton (D:9)
  2 centaur skeletons
  4 orc wizards
  2 jellies
  5 worker ants
  4 hounds
  2 iguanas
  An ogre skeleton (D:10)
  10 adders
  7 gnolls
  3 orc zombies
  2 inept feature mimics
  A giant mite (D:1)
  A shadow imp (D:11)
  2 worms
  2 orc skeletons
  3 giant eyeballs
  6 giant geckos
  21 orcs
  2 ball pythons
  10 bats
  5 giant cockroaches
  11 goblins
  16 hobgoblins
  4 jackals (D:2)
  16 kobolds
  6 quokkas
  6 giant newts
  A goblin zombie (D:5)
  A hobgoblin zombie (D:5)
  14 rats
253 creatures vanquished.

Vanquished Creatures (collateral kills)
  A hippogriff (D:8)
  An ogre (D:8)
  A giant frog (D:5)
  An orc wizard (D:8)
  An orc (D:6)
  A hobgoblin (D:7)
  3 kobolds
  3 bats
  2 goblins
  A rat (D:6)
15 creatures vanquished.

Vanquished Creatures (others)
  A wyvern (D:10)
  A slave (D:8)
  2 jellies (D:8)
  10 quasits
  12 crimson imps
  A goliath beetle (D:9)
  A hound (D:10)
  11 iron imps
  A hound zombie (D:9)
  8 white imps
  8 ufetubi
  2 oozes (D:8)
  An orc (D:9)
  An orc zombie (D:9)
60 creatures vanquished.

Grand Total: 328 creatures vanquished

Notes
Turn   | Place    | Note
--------------------------------------------------------------
     0 | D:1      | miroslav, the Demonspawn Ice Elementalist, began the quest for the Orb.
     0 | D:1      | Reached XP level 1. HP: 13/13 MP: 3/3
   413 | D:1      | Reached skill level 3 in Ice Magic
   413 | D:1      | Gained mutation: You sometimes gain a little power by taking damage. [demonic ancestry]
   413 | D:1      | Reached XP level 2. HP: 19/19 MP: 2/4
   850 | D:1      | Learned a level 2 spell: Throw Frost
  1567 | D:2      | Gained mutation: A weak demonic guardian rushes to your aid. [demonic ancestry]
  1567 | D:2      | Reached XP level 3. HP: 6/24 MP: 0/6
  2852 | D:3      | Found an iron altar of Okawaru.
  3108 | D:3      | Gained mutation: You have sharp toenails. [demonic ancestry]
  3108 | D:3      | Reached XP level 4. HP: 30/30 MP: 6/9
  3572 | D:4      | Learned a level 3 spell: Ozocubu's Armour
  3610 | D:4      | Reached skill level 4 in Ice Magic
  3780 | D:4      | Found a glowing golden altar of the Shining One.
  3953 | D:4      | Paralysed by a giant eyeball for 3 turns
  3976 | D:4      | Reached XP level 5. HP: 33/35 MP: 9/11
  4434 | D:4      | Found an ancient bone altar of Kikubaaqudgha.
  4434 | D:4      | Found a burning altar of Makhleb.
  4646 | D:4      | Learned a level 2 spell: Blink
  5124 | D:5      | Entered Level 5 of the Dungeon
  5290 | D:5      | Noticed a sky beast
  5296 | D:5      | Killed a sky beast
  5296 | D:5      | Reached skill level 5 in Ice Magic
  5296 | D:5      | Gained mutation: You have razor-sharp toenails. [demonic ancestry]
  5296 | D:5      | Reached XP level 6. HP: 33/41 MP: 7/13
  5701 | D:5      | Noticed a phantom
  5756 | D:5      | Noticed Grinder
  5878 | D:5      | Killed a phantom
  5878 | D:5      | Reached skill level 6 in Ice Magic
  6429 | D:5      | Reached XP level 7. HP: 40/46 MP: 6/14
  6571 | D:5      | Learned a level 4 spell: Condensation Shield
  6766 | D:6      | Reached skill level 7 in Ice Magic
  6835 | D:6      | Found a shimmering altar of Xom.
  6859 | D:6      | Reached skill level 8 in Ice Magic
  6861 | D:6      | Noticed Eustachio
  6886 | D:6      | Killed Eustachio
  6886 | D:6      | Reached skill level 1 in Translocations
  6886 | D:6      | Reached XP level 8. HP: 36/52 MP: 2/16
  7486 | D:6      | Found a staircase to the Ecumenical Temple.
  7488 | D:6      | the staircase to the Ecumenical Temple was a mimic.
  7839 | D:7      | Found a white marble altar of Elyvilon.
  7850 | D:7      | Reached skill level 9 in Ice Magic
  7896 | D:7      | Noticed a gargoyle
  7900 | D:7      | Got a brightly glowing spear
  7901 | D:7      | Identified the cursed +0,+3 spear of Turmoil {distort, +Rage rC++ rN+ Int+3} (You found it on level 7 of the Dungeon)
  8058 | D:7      | Killed a gargoyle
  8095 | D:7      | Found Kamnef's Book Boutique.
  8165 | D:7      | Found Janask's Book Shoppe.
  8223 | D:7      | Reached XP level 9. HP: 57/57 MP: 5/18
  8226 | D:7      | Found Ylij's Antique Weapon Shoppe.
  8418 | D:7      | Found Digaunat's Distillery.
  8432 | D:7      | Bought a potion of heal wounds for 48 gold pieces
  8480 | D:7      | Found a glowing silver altar of Zin.
  8498 | D:7      | Found a staircase to the Ecumenical Temple.
  8598 | D:7      | Found Giqeud's Magic Scroll Shop.
  8741 | Temple   | Entered the Ecumenical Temple
  8807 | Temple   | Became a worshipper of Sif Muna the Loreminder
  8854 | D:7      | Learned a level 2 spell: Repel Missiles
  8975 | D:8      | Acquired Sif Muna's first power
  8985 | D:8      | Reached skill level 10 in Ice Magic
  9176 | D:8      | Reached skill level 1 in Invocations
  9376 | D:8      | Reached skill level 5 in Spellcasting
  9444 | D:8      | Found Mawot's Gadget Shop.
  9718 | D:8      | Learned a level 4 spell: Throw Icicle
  9931 | D:8      | Noticed Pikel
  9943 | D:8      | Banished Pikel
  9943 | D:8      | Acquired Sif Muna's second power
  9943 | D:8      | Reached XP level 10. HP: 59/63 MP: 13/23
 10376 | D:9      | Paralysed by a giant eyeball for 4 turns
 10598 | D:9      | Reached skill level 11 in Ice Magic
 11624 | D:10     | Entered Level 10 of the Dungeon
 11744 | D:10     | Paralysed by a wight for 2 turns
 11762 | D:10     | Paralysed by a wight for 7 turns
 12024 | D:10     | Noticed Josephine
 12067 | D:10     | Killed Josephine
 12067 | D:10     | Acquired Sif Muna's third power
 12078 | D:10     | Learned a level 4 spell: Summon Ice Beast
 12119 | D:10     | Noticed a cyclops
 12245 | D:10     | Got a pitted golden ring
 12338 | D:10     | Reached skill level 12 in Ice Magic
 12369 | D:10     | Noticed a hill giant
 12462 | D:10     | Gained mutation: You sometimes gain power by taking damage. [demonic ancestry]
 12462 | D:10     | Reached XP level 11. HP: 65/68 MP: 21/26
 12752 | D:10     | Killed a hill giant
 12758 | D:10     | Found a staircase to the Orcish Mines.
 12926 | D:11     | Found a staircase to the Lair.
 13147 | D:11     | Reached skill level 5 in Conjurations
 13275 | D:11     | HP: 1/68 [something (4)]
 13276 | D:11     | Mangled by an unseen horror

Action                   |  1- 3 |  4- 6 |  7- 9 | 10-12 || total
-------------------------+-------+-------+-------+-------++-------
Melee: Short sword       |    32 |    41 |       |       ||    73
       Unarmed           |     1 |       |       |       ||     1
       Hand axe          |       |    32 |       |       ||    32
       Whip              |       |     9 |    50 |       ||    59
       Spear             |       |       |    53 |   232 ||   285
       Cutlass           |       |       |     5 |       ||     5
Throw: Tomahawk          |       |     8 |       |       ||     8
       Throwing net      |       |       |     2 |       ||     2
 Cast: Freeze            |    53 |    60 |   130 |   135 ||   378
       Throw Frost       |       |     4 |    33 |    21 ||    58
       Ozocubu's Armour  |       |       |    11 |    23 ||    34
       Blink             |       |       |     5 |     2 ||     7
       Condensation Shie |       |       |     1 |    17 ||    18
       Throw Icicle      |       |       |       |    23 ||    23
       Repel Missiles    |       |       |       |     1 ||     1
Invok: Channel Energy    |       |       |       |     2 ||     2
Evoke: Wand              |       |     1 |     1 |     1 ||     3
  Use: Scroll            |     2 |     4 |     2 |     6 ||    14
       Potion            |       |     1 |       |       ||     1
 Stab: Sleeping          |     1 |     5 |     2 |     3 ||    11
       Distracted        |       |       |     1 |     1 ||     2
